 Dungeon Crawl Stone Soup version 0.25.1-8-g42b30a86e7 (webtiles) character file.

Game seed: 3013109231303768696

85 Abzac the Slasher (level 4, 0/39 HPs)
             Began as a Minotaur Fighter on Dec 17, 2020.
             Succumbed to a gnoll's poison
             ... on level 2 of the Dungeon.
             The game lasted 00:01:45 (1120 turns).

Abzac the Slasher (Minotaur Fighter)                Turns: 1120, Time: 00:01:45

Health: 0/39       AC:  6    Str: 22    XL:     4   Next: 25%
Magic:  3/3        EV:  7    Int:  5    God:
Gold:   69         SH:  9    Dex:  9    Spells: 3/3 levels left

rFire    . . .     SeeInvis .   a - +0 long sword
rCold    . . .     Gourm    .   c - +0 kite shield
rNeg     . . .     Faith    .   b - +0 scale mail
rPois    .         Spirit   .   (helmet restricted)
rElec    .         Reflect  .   (no cloak)
rCorr    .         Harm     .   (no gloves)
MR       .....                  (no boots)
Stlth    ..........             (no amulet)
HPRegen  0.13/turn              (no ring)
MPRegen  0.08/turn              (no ring)

@: lethally poisoned (0 -> -27)
A: retaliatory headbutt, horns 2
a: no special abilities


You were on level 2 of the Dungeon.
You were not hungry.

You visited 1 branch of the dungeon, and saw 2 of its levels.

You collected 69 gold pieces.

Inventory:

Hand Weapons
 a - a +0 long sword (weapon)
Armour
 b - a +0 scale mail (worn)
 c - a +0 kite shield (worn)
Scrolls
 h - a scroll of teleportation {unknown}
 i - a scroll of identify {unknown}
Potions
 d - a potion of might
 e - a potion of mutation {unknown}
 g - 2 potions of invisibility {unknown}
 k - a potion of stabbing {unknown}
Comestibles
 f - 4 rations
 j - 2 chunks of flesh


   Skills:
 - Level 3.6 Fighting
 * Level 5.5 Long Blades
 - Level 3.6 Armour
 - Level 3.6 Shields


You had 3 spell levels left.
You didn't know any spells.
Your spell library was empty.

Dungeon Overview and Level Annotations

Branches:
Dungeon (2/15)

Altars:


Innate Abilities, Weirdness & Mutations

You reflexively headbutt those who attack you in melee.
You have a pair of horns on your head.


Message History

The gnoll is moderately wounded.
You feel sick. You block the gnoll's attack.
The gnoll hits you with a +0 whip of venom.
* * * LOW HITPOINT WARNING * * *
You are more poisoned.
You closely miss the gnoll.
The gnoll is moderately wounded.
* * * LOW HITPOINT WARNING * * *
You feel very sick. You block the gnoll's attack.
You hit the gnoll.
The gnoll is heavily wounded.
* * * LOW HITPOINT WARNING * * *
You feel very sick. The gnoll barely misses you. You furiously retaliate!
You headbutt the gnoll.
You riposte.
You barely miss the gnoll. Your headbutt misses the gnoll.
The gnoll is almost dead.
* * * LOW HITPOINT WARNING * * *
You feel sick.
You die...

######## ......# ..# #......#
.....# #.# #......# .g...#
##.####†.....# .r... ##
.............# ##gg. ..#
###.####.##'### %..#.... .
...#<....#.# #.......
.####.#....##.############...#...
................@.gl).†)..?......
##.#......##########'###.#.#.....
<.÷.......+ ...#.#.#.....
..).......# ...#.#.# )#..
............ ...#.#.. .. .
##.###.####.. ...#.### #. ... ..#
... ####<# .. ........ .. #.#
>.#.#####


You could see a gnoll and a frilled lizard.

Vanquished Creatures
  3 gnolls
  An adder (D:2)
  4 dart slugs
  A leopard gecko (D:2)
  4 bats (D:1)
  2 giant cockroaches (D:1)
  A hobgoblin (D:1)
  7 jackals
  A frilled lizard (D:2)
  6 goblins (D:1)
  5 kobolds
  2 rats (D:1)
37 creatures vanquished.

Notes
Turn   | Place    | Note
-------+----------+-------------------------------------------
     0 | D:1      | Abzac the Minotaur Fighter began the quest for the Orb.
     0 | D:1      | Reached XP level 1. HP: 19/19 MP: 0/0
    83 | D:1      | Reached skill level 3 in Long Blades
    95 | D:1      | Reached XP level 2. HP: 26/26 MP: 1/1
   161 | D:1      | Reached skill level 4 in Long Blades
   349 | D:1      | Reached XP level 3. HP: 31/31 MP: 2/2
  1038 | D:2      | Reached skill level 5 in Long Blades
  1097 | D:2      | Reached XP level 4. HP: 27/39 MP: 3/3
  1120 | D:2      | Succumbed to a gnoll's poison

Illustrated notes

Levels and vault maps discovered:
D:1:      lightli_arrival_statue_moat, layout_basic, patterned_corridor
D:2:      minmay_chambers_of_ones, layout_basic, uniq_robin,
          uniq_crazy_yiuf_cottage

Skill      XL: |  1  2  3 |
---------------+----------+-----
Long Blades    | 3 4 5 |  5.5
Fighting       | |  3.6
Armour         | |  3.6
Shields        | |  3.6

Action                   |  1- 3 |  4- 6 || total
-------------------------+-------+-------++-------
Melee: Long sword        |    98 |    15 ||   113
       Headbutt          |    14 |     2 ||    16
  Eat: Chunk             |     1 |       ||     1
Armor: Scale mail        |    43 |     2 ||    45
Dodge: Dodged            |    38 |     7 ||    45
Block: Kite shield       |    61 |     7 ||    68
       Rpst.: Long sword |    13 |     2 ||    15
